AoeStats
← Jazzmushroom

Arena

507124651Analyzed
1v1 RM · 15d ago on Sep 16, 2026· 30m 20s· 2 players
Game mode
Random Map
Map size
Tiny (2 player)
Population
200
Speed
Normal
Resources
Standard
Victory
Conquest
Starting age
Dark Age
Ending age
Imperial Age
RankedLock teamsTeams togetherTeam positionsShared explorationLock speedFull tech treeHidden civsTurbo modeCheats
Victory
Defeat
🇺🇸 Armenians · United States
1413
+16
🇦🇷 Portuguese · Argentina
1421
-16
Jazzmushroom
10:37 Feudal Age
15:29 Castle Age
14:04 Double-Bit Axe
14:02 Horse Collar
17:31 Forging
18:34 Scale Mail Armor
19:34 Squires
20:25 Loom
21:38 Atonement
23:02 Fervor
23:05 Gold Mining
23:48 Devotion
26:35 Gold Shaft Mining
31:17 Iron Casting
Hurut
6:54 Loom
9:12 Feudal Age
13:19 Castle Age
12:02 Double-Bit Axe
12:27 Gold Mining
12:45 Loom
18:38 Fervor
18:49 Sanctity
18:39 Atonement
20:28 Sanctity
20:18 Fervor
23:10 Redemption
28:52 Imperial Age
26:23 Stone Mining
26:53 Devotion
30:07 Block Printing
30:27 Theocracy
Connection lost

Rejoining the realm…

Still unreachable

The connection could not be restored.

Session expired

The server has moved on; the page needs a fresh start.